 Dungeon Crawl Stone Soup version 0.18.1-48-g4cf74bf (webtiles) character file.

38 Gargoyl the Skirmisher (level 3, 0/29 HPs)
             Began as a Demonspawn Abyssal Knight on Sept 12, 2016.
             Was a Follower of Lugonu.
             Succumbed to an adder's poison
             ... on level 2 of the Dungeon.
             The game lasted 00:02:41 (1370 turns).

Gargoyl the Skirmisher (Demonspawn Abyssal Knight)  Turns: 1370, Time: 00:02:41

Health: 0/29       AC:  5    Str: 13    XL:     3   Next: 25%
Magic:  4/4        EV: 11    Int: 13    God:    Lugonu [*.....]
Gold:   49         SH:  0    Dex: 12    Spells: 0 memorised, 2 levels left

rFire  + . .     SeeInvis .     a - +1 hand axe
rCold  . . .     Gourm    .     e - +2 leather armour {rF+}
rNeg   . . .     Faith    .     (no shield)
rPois  .         Spirit   .     (no helmet)
rElec  .         Dismiss  .     (no cloak)
rCorr  .         Reflect  .     (no gloves)
SustAt .         Harm     .     (no boots)
MR     .....                    (no amulet)
Stlth  +.........               (no ring)
                                (no ring)

@: lethally poisoned (0 -> -6), exhausted, flying, slowed, very slow, not
resistant to hostile enchantments, very unstealthy
A: talons 1
a: Depart the Abyss, Renounce Religion


You were on level 2 of the Dungeon.
You worshipped Lugonu.
Lugonu was aware of your devotion.
You were very hungry.

You visited 1 branch of the dungeon, and saw 2 of its levels.
You visited the Abyss 1 time.

You collected 49 gold pieces.

Inventory:

Hand Weapons
 a - a +1 hand axe (weapon)
 f - a +1 shortbow of flaming
Missiles
 b - 40 arrows
Armour
 e - a +2 leather armour of fire resistance (worn)
Scrolls
 d - a scroll of blinking {unknown}
 g - a scroll of identify {unknown}
 h - a scroll of enchant armour {unknown}
 k - a scroll of recharging {unknown}
 l - 2 scrolls of remove curse {unknown}
 m - a scroll of magic mapping {unknown}
 n - a scroll of amnesia {unknown}
 p - a scroll of enchant weapon {unknown}
Comestibles
 c - a bread ration
 o - 2 meat rations


   Skills:
 + Level 3.4 Fighting
 + Level 2.0 Axes
 + Level 0.3 Bows
 * Level 2.4 Armour
 + Level 1.1 Dodging
 + Level 0.2 Stealth
 + Level 2.5 Invocations


You had 2 spell levels left.
You didn't know any spells.

Dungeon Overview and Level Annotations

Branches:
Dungeon (2/15)

Altars:


Innate Abilities, Weirdness & Mutations

You have sharp toenails.


Message History

You feel sick.
* * * LOW HITPOINT WARNING * * *
You feel sick.
Found 9 gold pieces.
You feel your anger subside.
You are no longer berserk.
You are exhausted.
You feel yourself slow down.
You are feeling very hungry.
* * * LOW HITPOINT WARNING * * *
You feel sick.
* * * LOW HITPOINT WARNING * * *
You feel sick.
There is a lethal amount of poison in your body!
* * * LOW HITPOINT WARNING * * *
You feel sick.
* * * LOW HITPOINT WARNING * * *
You feel sick.
* * * LOW HITPOINT WARNING * * *
You feel sick.
You die...

###+##
#....# +
#....# #.
#....#
#.##.@..#
#...$...#
#.......#
##......#
#......#
###.....##
#........#
#..$.....#
#........#


There were no monsters in sight!

Vanquished Creatures
  An adder (D:2)
  2 dart slugs (D:1)
  A giant gecko (D:1)
  A giant cockroach (D:1)
  2 goblins (D:1)
  3 hobgoblins
  7 jackals
  2 bats
  2 giant newts (D:1)
  A kobold (D:1)
22 creatures vanquished.

Notes
Turn   | Place    | Note
--------------------------------------------------------------
     0 | Abyss:1  | Gargoyl the Demonspawn Abyssal Knight began the quest for the Orb.
     0 | Abyss:1  | Reached XP level 1. HP: 18/18 MP: 2/2
     9 | Abyss:1  | Found a corrupted altar of Lugonu.
    47 | Abyss:2  | Noticed a hungry ghost
    56 | Abyss:2  | Noticed an ancient zyme
    71 | Abyss:2  | Noticed a wretched star
    72 | D:1      | Escaped the Abyss
   511 | D:1      | Reached skill level 1 in Dodging
   724 | D:1      | Gained mutation: You have sharp toenails. [demonic ancestry]
   724 | D:1      | Reached XP level 2. HP: 24/24 MP: 3/3
   765 | D:1      | Reached * piety under Lugonu
  1359 | D:2      | Reached XP level 3. HP: 10/29 MP: 4/4
  1367 | D:2      | HP: 1/29 [poisoned by an adder]
  1370 | D:2      | Succumbed to an adder's poison

Skill      XL: |  1  2 |
---------------+-------+-----
Armour         | 2 |  2.4
Dodging        | 1 |  1.1
Axes           | 2 |  2.0
Fighting       | |  3.4
Bows           | |  0.3
Stealth        | |  0.2
Invocations    | |  2.5

Action                   || total
-------------------------++-------
Melee: Hand axe          ||    19
 Fire: Shortbow          ||    27
Invok: Depart the Abyss  ||     1
  Use: Potion            ||     2
  Eat: Chunk             ||     1
Armor: Leather armour    ||    23
Dodge: Dodged            ||    41
